 Dungeon Crawl Stone Soup version 0.30.0-29-ga12c61a403 (webtiles) character file.

Game seed: 3407572791247262582

660 GeoRichter the Conjurer (level 7, -6/29 (38) HPs)
             Began as a Deep Elf Reaver on June 19, 2023.
             Shot with an arrow by a centaur (9 damage)
             ... on level 5 of the Dungeon.
             The game lasted 00:10:53 (5110 turns).

GeoRichter the Conjurer (Deep Elf Reaver)           Turns: 5110, Time: 00:10:53

HP:   -6/29 (38)    AC:  7    Str: 11    XL:     7   Next: 30%
MP:   18/18         EV: 12    Int: 18    God:
Gold: 276           SH:  0    Dex: 13    Spells: 12/18 levels left

rFire   . . .        e - +2 dagger (flame)
rCold   . . .        (no shield)
rNeg    . . .        b - +0 leather armour
rPois   .            d - +2 helmet
rElec   .            l - +0 cloak
rCorr   .            (no gloves)
SInv    .            (no boots)
Will    .....        (no amulet)
Stlth   +            (no ring)
HPRegen 0.24/turn    (no ring)
MPRegen 0.16/turn

%: no passive effects
@: heavily drained
A: no striking features
a: no special abilities


You were on level 5 of the Dungeon.
You visited 1 branch of the dungeon, and saw 5 of its levels.

You collected 276 gold pieces.

Inventory:

Hand Weapons
 e - a +2 dagger of flaming (weapon)
Armour
 b - a +0 leather armour (worn)
 d - a +2 helmet (worn)
 l - a +0 cloak (worn)
 p - a +4 ring mail of cold resistance
 q - the +1 ring mail of Paranoia {rElec SInv}
   (You found it on level 3 of the Dungeon)

   rElec:     It insulates you from electricity.
   SInv:      It lets you see invisible.
Magical Staves
 t - a staff of earth
Jewellery
 v - a ring of fire
Wands
 o - a wand of roots (7)
Scrolls
 a - a scroll of enchant armour {unknown}
 c - a scroll of acquirement {unknown}
 j - a scroll of silence {unknown}
 n - a scroll of noise {unknown}
 u - a scroll of immolation {unknown}
Potions
 g - a potion of lignification
 h - 3 potions of heal wounds
 i - 3 potions of magic
 k - 3 potions of haste
 m - a potion of ambrosia
 r - a potion of curing
 s - a potion of attraction {unknown}
 w - a potion of degeneration {unknown}


   Skills:
 - Level 1.6 Fighting
 - Level 3.3 Short Blades
 + Level 0.4 Armour
 - Level 2.4 Dodging
 - Level 6.0 Spellcasting
 + Level 7.2 Conjurations
 - Level 2.0 Necromancy
 - Level 2.0 Translocations
 * Level 0.7 Ice Magic


You had 12 spell levels left.
You knew the following spells:

 Your Spells              Type           Power      Damage    Failure   Level
a - Kiss of Death         Conj/Necr      88%        2d12      2%          1
b - Momentum Strike       Conj/Tloc      44%        3d9       3%          2
c - Hailstorm             Conj/Ice       19%        3d6       10%         3

Your spell library contained the following spells:

 Spells                   Type           Power      Damage    Failure   Level
 Blink                    Tloc           24%        N/A       11%         2
 Lesser Beckoning         Tloc           24%        N/A       11%         2
 Confusing Touch          Hex            5%         N/A       43%         3
 Dispel Undead            Necr           12%        3d9       56%         4


Dungeon Overview and Level Annotations

Branches:
Dungeon (5/15)
 Temple: D:4-7

Altars:


Message History

i - 3 potions of magic
As you read the scroll of identify, it crumbles to dust.
g - a potion of lignification
As you read the scroll of identify, it crumbles to dust.
m - a potion of ambrosia
As you read the scroll of identify, it crumbles to dust.
r - a potion of curing
There is a stone staircase leading down here.
You climb downwards.
The centaur shoots an arrow.
The arrow hits you!
The orc priest looks braver for a moment.
The centaur shoots an arrow.
The arrow hits you.
The orc priest invokes the aid of Beogh against you.
You struggle to resist.
There is a stone staircase leading up, spattered with blood here.
The centaur shoots an arrow.
The arrow barely misses you.
You climb upwards.
There is a stone staircase leading down here.
You start resting.
HP restored.
You climb downwards.
The centaur shoots an arrow.
The arrow hits you!
There is a stone staircase leading up, spattered with blood here.
The centaur shoots an arrow.
The arrow hits you.
You climb upwards.
There is a stone staircase leading down here.
You start resting.
HP restored.
There is a stone staircase leading down here.
You climb downwards.
The centaur shoots an arrow.
The arrow hits you.
There is a stone staircase leading up, spattered with blood here.
The centaur shoots an arrow.
The arrow hits you!
The orc priest hits you with a +0 trident.
The centaur shoots an arrow.
The arrow hits you!
You can't go up here!
The centaur shoots an arrow.
The arrow hits you.
* * * LOW HITPOINT WARNING * * *
The orc priest hits you with a +0 trident.
* * * LOW HITPOINT WARNING * * *
There is a stone staircase leading up, spattered with blood here.
The centaur shoots an arrow.
The arrow hits you!
You die...

### # ###.## ##.##$
#.)..# .#....
##....###......
##..............
#<@o..#.........
#....................
#........c.......##..
#...##.#.....<...#
..# ..#.........# .
...#......##.....
....#..#..........
.###....##.#........
.#. ## #. .....


You could see a centaur and an orc priest.

Vanquished Creatures
  Grinder (D:4)
  A centaur (D:4)
  A scorpion (D:4)
  2 jellies (D:4)
  Crazy Yiuf (D:4)
  Ijyb (D:3)
  2 iguanas (D:4)
  6 adders
  An ufetubus (D:3)
  A worm (D:3)
  A dart slug (D:3)
  7 orcs
  8 ball pythons
  6 endoplasms
  7 giant cockroaches
  10 goblins
  4 hobgoblins
  10 kobolds
  4 quokkas
  7 bats
  2 frilled lizards
  A rat (D:2)
84 creatures vanquished.

Notes
Turn   | Place    | Note
-------+----------+-------------------------------------------
     0 | D:1      | GeoRichter the Deep Elf Reaver began the quest for the Orb.
     0 | D:1      | Reached XP level 1. HP: 12/12 MP: 6/6
   310 | D:1      | Reached XP level 2. HP: 13/16 MP: 8/8
   550 | D:1      | Learned a level 2 spell: Momentum Strike
   614 | D:1      | Reached skill level 1 in Necromancy
   863 | D:1      | Reached skill level 4 in Conjurations
  1210 | D:2      | Reached XP level 3. HP: 18/20 MP: 10/10
  1910 | D:3      | Reached XP level 4. HP: 25/25 MP: 11/11
  2116 | D:3      | Noticed Ijyb
  2134 | D:3      | Killed Ijyb
  2279 | D:3      | Reached skill level 5 in Conjurations
  2446 | D:3      | Identified the +1 ring mail of Paranoia {rElec SInv}
  2984 | D:4      | Noticed a scorpion
  2997 | D:4      | Reached XP level 5. HP: 24/25 MP: 11/13
  3045 | D:4      | Learned a level 3 spell: Hailstorm
  3268 | D:4      | Noticed a centaur
  3282 | D:4      | Killed a centaur
  3283 | D:4      | Reached skill level 5 in Spellcasting
  3283 | D:4      | Reached skill level 1 in Translocations
  3283 | D:4      | Reached XP level 6. HP: 24/34 MP: 15/15
  3673 | D:4      | Reached skill level 6 in Conjurations
  3847 | D:4      | Found a runed translucent door.
  3848 | D:4      | Noticed Crazy Yiuf
  4083 | D:4      | Noticed Grinder
  4083 | D:4      | Paralysed by Grinder for 5 turns
  4091 | D:4      | Paralysed by Grinder for 5 turns
  4096 | D:4      | Killed Grinder
  4097 | D:4      | Reached skill level 7 in Conjurations
  4097 | D:4      | Reached XP level 7. HP: 38/38 MP: 13/18
  4253 | D:4      | Killed Crazy Yiuf
  4357 | D:5      | Entered Level 5 of the Dungeon
  5110 | D:5      | Shot with an arrow by a centaur

Illustrated notes

Levels and vault maps discovered:
D:1:      ebering_hopf_link, layout_loops_ring, chequers_arboretum,
          minmay_crystal_room, nicolae_titane
D:2:      layout_loops_cross
D:3:      layout_loops_corners, uniq_ijyb
D:4:      layout_gridville, minmay_misc_feat_diagonals, uniq_crazy_yiuf_cottage,
          uniq_grinder
D:5:      layout_cave_pools

Skill      XL: |  1  2  3  4  5  6 |
---------------+-------------------+-----
Necromancy     | 1 2 |  2.0
Conjurations   | 4 5 7 |  7.2
Spellcasting   | 4 5 6 |  6.0
Translocations | 1 2 |  2.0
Fighting       | |  1.6
Short Blades   | |  3.3
Armour         | |  0.4
Dodging        | |  2.4
Ice Magic      | |  0.7

Action                     |  1- 3 |  4- 6 |  7- 9 || total
---------------------------+-------+-------+-------++-------
  Melee: Short sword       |    59 |       |       ||    59
         Dagger            |    81 |   191 |    34 ||   306
         Punch             |       |       |     2 ||     2
   Cast: Kiss of Death     |     2 |     3 |     2 ||     7
         Momentum Strike   |       |     5 |       ||     5
  Evoke: Wand              |       |     1 |       ||     1
    Use: Scroll            |       |       |     4 ||     4
   Stab: Sleeping          |       |     2 |       ||     2
 Armour: Leather armour    |    38 |    72 |    14 ||   124
  Dodge: Dodged            |    66 |    87 |    33 ||   186
